Diables vs Griffins
Created - January 26, 2019 at 19:19
Goals
|
| Diables |
1 |
1 |
1 |
3 |
| Griffins |
2 |
1 |
2 |
5 |
|
Shots
|
| Diables |
9 |
14 |
8 |
31 |
| Griffins |
10 |
9 |
13 |
32 |
|
1st period
1. Diables , Elias Lindholm 4 (Mitchell Moroz 5, Michal Repik 11) at 4:18
2. Griffins , Sean Monahan 19 (Petr Pohl 42, Nathan Gerbe 17) at 18:20
3. Griffins , Ben Hanowski 21 (Simon Despres 13, Robert Dome 33) at 18:26
Penalties :
No Penalty
2nd period
4. Griffins , Ben Hanowski 22 (Tye McGinn 34, Bryan Young 10) at 1:30
5. Diables , Taylor Beck 17 (Craig Smith 38, Tim Schaller 38) at 1:52 (PP)
Penalties :
Keith Seabrook (Cap) for Hooking (Minor) at 1:38, Robert Dome (Cap) for Hooking (Minor) at 3:05, Nick Bjugstad (Alm) for Slashing (Minor) at 4:17, Keith Seabrook (Cap) for Roughing (Minor) at 7:36, Keith Seabrook (Cap) for Hooking (Minor) at 11:51, Brandon Burlon (Alm) for High sticking (Minor) at 19:27
3rd period
6. Griffins , Ben Hanowski 23 (Mirco Mueller 2, Robert Dome 34) at 8:30
7. Griffins , Nathan Gerbe 19 (Petr Pohl 43, Sean Monahan 35) at 13:25 (PP)
8. Diables , Craig Smith 26 (Tim Schaller 39) at 16:07
Penalties :
Carl Gunnarsson (Alm) for Tripping (Minor) at 13:05, Taylor Beck (Alm) for Hooking (Minor) at 16:29
Goalie Stats
Garret Sparks (Alm), 27 saves from 32 shots - (0.844), L, 5-8-1, 60:00 minutes
Olivier Roy (Cap), 28 saves from 31 shots - (0.903), W, 10-6-1, 60:00 minutes
Players Stats for Diables
Player Name G A P +/- PIM S H SB GA TA FO MP PP MP PK MP
------------------------------------------------------------------------------------
Brandon Burlon 0 0 0 -1 2 5 1 1 0 1 0/0 27:18 2:50 2:39
Carl Gunnarsson 0 0 0 -1 2 1 1 1 0 0 0/0 28:13 2:50 3:34
Chris Bigras 0 0 0 2 0 1 0 2 0 0 0/0 13:15 0:09 1:35
Christian Thomas 0 0 0 0 0 0 1 0 0 0 0/0 11:07 0:00 0:10
Craig Smith 1 1 2 -1 0 4 4 1 1 2 6/9 21:57 3:00 3:35
Daniel Zaar 0 0 0 0 0 0 0 1 0 0 0/0 0:16 0:00 0:11
Elias Lindholm 1 0 1 -1 0 1 1 0 0 0 1/1 8:05 0:00 0:00
Jamie Oleksiak 0 0 0 2 0 0 1 1 0 0 0/0 11:22 0:09 0:00
Jan Mursak 0 0 0 0 0 0 4 1 0 0 0/0 16:00 2:24 0:00
Jordan Caron 0 0 0 0 0 0 5 0 0 0 0/1 17:55 2:24 1:23
Louis Leblanc 0 0 0 0 0 1 1 0 0 0 3/5 10:57 0:00 0:00
Mark Fraser 0 0 0 -3 0 1 3 4 0 0 0/0 20:04 2:25 1:36
Michal Repik 0 1 1 -1 0 2 0 0 0 0 1/1 9:33 0:00 0:46
Mikko Lehtonen 0 0 0 0 0 2 3 0 0 1 0/0 11:25 0:00 0:00
Mitchell Moroz 0 1 1 -1 0 2 2 0 0 0 0/0 8:05 0:00 0:00
Nick Bjugstad 0 0 0 0 2 4 3 0 1 0 2/5 17:33 2:23 0:58
Pavel Valentenko 0 0 0 -3 0 0 1 0 1 1 0/0 20:04 2:25 1:36
Taylor Beck 1 0 1 -1 2 3 2 0 0 0 1/1 18:35 3:00 0:22
Tim Schaller 0 2 2 -1 0 4 2 1 2 0 15/32 21:55 3:00 3:35
Players Stats for Griffins
Player Name G A P +/- PIM S H SB GA TA FO MP PP MP PK MP
------------------------------------------------------------------------------------
Anton Slepyshev 0 0 0 0 0 1 0 0 0 0 1/1 11:36 0:00 0:00
Ben Hanowski 3 0 3 2 0 4 1 2 1 0 3/6 20:18 2:26 2:57
Brendan Woods 0 0 0 0 0 0 0 1 0 0 0/0 0:07 0:00 0:00
Bryan Young 0 1 1 3 0 1 3 0 0 0 0/0 21:24 2:21 3:19
Ian McCoshen 0 0 0 -1 0 0 0 0 0 1 0/0 18:20 0:11 1:07
J.T. Brown 0 0 0 0 0 0 3 0 0 0 1/2 11:46 0:00 0:00
Keith Seabrook 0 0 0 0 6 1 3 2 1 1 0/0 20:26 2:32 0:38
Mirco Mueller 0 1 1 3 0 2 2 2 0 0 0/0 16:28 0:00 1:48
Nathan Gerbe 1 1 2 1 0 3 2 0 0 1 1/1 18:56 2:53 1:27
Nathan Oystrick 0 0 0 -1 0 5 1 0 0 1 0/0 21:49 2:58 1:51
Nicholas Baptiste 0 0 0 -1 0 0 0 0 0 0 0/0 7:50 0:00 0:00
Petr Pohl 0 2 2 0 0 1 2 2 0 0 0/0 22:09 2:53 2:18
Quinton Howden 0 0 0 0 0 1 2 0 0 0 2/3 13:07 0:11 0:00
Robert Dome 0 2 2 2 2 3 0 1 1 0 10/23 17:13 2:37 0:00
Sean Monahan 1 1 2 1 0 5 1 0 1 1 7/16 19:26 2:53 0:00
Simon Despres 0 1 1 0 0 3 1 1 0 0 0/0 22:00 2:58 2:05
Tye McGinn 0 1 1 2 0 2 1 1 1 0 1/2 20:47 2:37 2:21
Vladislav Namestnikov 0 0 0 -1 0 0 1 0 0 0 0/1 10:02 0:00 1:45
3 Stars
1 - Ben Hanowski (Cap)
2 - Nathan Gerbe (Cap)
3 - Sean Monahan (Cap)
Power Play
Diables - 1 on 5 Attempt(s) - 20.00%
Griffins - 1 on 4 Attempt(s) - 25.00%
Penalty Kill
Diables - 3 on 4 Attempt(s) - 75.00%
- Score 0 goal in Penalty Kill
Griffins - 4 on 5 Attempt(s) - 80.00%
- Score 0 goal in Penalty Kill
Team Stat
Diables - Hits : 35 - Faceoff Wins : 29 - Blocked Shots : 13 - Penalty Minutes : 8
Griffins - Hits : 23 - Faceoff Wins : 26 - Blocked Shots : 12 - Penalty Minutes : 8
Official
Referees : Unknown
Linesman : Unknown
Game Notes
Brendan Woods is injured at 1:14 of 1st period (Left Leg)
0:15 of 2nd period - Penalty Shot by Simon Despres for Griffins - Stopped by Garret Sparks
Daniel Zaar is injured at 5:15 of 2nd period (Broken Nose)
Ben Hanowski has scored a Hat Trick!
Finance
Level 1 -- Attendance: 1432 (71.60%) -- Ticket Income $50,120
Level 2 -- Attendance: 796 (79.60%) -- Ticket Income $15,920
Total Attendance: 2228 (74.27%)
Total Ticket Income: $66,040
Other Income: $3,302
Total Income: $69,342
Diables
5 vs 5 Forward
Center Left Wing Right Wing Time % Phy DF OF
1 Tim Schaller Taylor Beck Craig Smith 40 1 2 2
2 Nick Bjugstad Jan Mursak Jordan Caron 30 1 2 2
3 Louis Leblanc Christian Thomas Mikko Lehtonen 20 1 2 2
4 Elias Lindholm Mitchell Moroz Michal Repik 10 1 2 2
5 vs 5 Defense
Defense Defense Time % Phy DF OF
1 Brandon Burlon Carl Gunnarsson 40 1 2 2
2 Mark Fraser Pavel Valentenko 30 1 2 2
3 Jamie Oleksiak Chris Bigras 20 1 2 2
4 Brandon Burlon Carl Gunnarsson 10 1 2 2
PowerPlay Forward
Center Left Wing Right Wing Time % Phy DF OF
1 Tim Schaller Taylor Beck Craig Smith 60 1 2 2
2 Nick Bjugstad Jan Mursak Jordan Caron 40 1 2 2
PowerPlay Defense
Defense Defense Time % Phy DF OF
1 Brandon Burlon Carl Gunnarsson 60 1 2 2
2 Mark Fraser Pavel Valentenko 40 1 2 2
Penalty Kill 4 Players Forward
Center Wing Time % Phy DF OF
1 Craig Smith Tim Schaller 60 1 2 2
2 Nick Bjugstad Jordan Caron 40 1 2 2
Penalty Kill 4 Players Defense
Defense Defense Time % Phy DF OF
1 Brandon Burlon Carl Gunnarsson 60 1 2 2
2 Mark Fraser Pavel Valentenko 40 1 2 2
Penalty Kill - 3 Players Forward
Forward Time % Phy DF OF
1 Craig Smith 60 1 2 2
2 Tim Schaller 40 1 2 2
Penalty Kill - 3 Players Defense
Defense Defense Time % Phy DF OF
1 Brandon Burlon Carl Gunnarsson 60 1 2 2
2 Mark Fraser Pavel Valentenko 40 1 2 2
4 vs 4 Forward
Center Wing Time % Phy DF OF
1 Craig Smith Tim Schaller 60 1 2 2
2 Nick Bjugstad Jordan Caron 40 1 2 2
4 vs 4 Defense
Defense Defense Time % Phy DF OF
1 Brandon Burlon Carl Gunnarsson 60 1 2 2
2 Mark Fraser Pavel Valentenko 40 1 2 2
Last Minutes Offensive
Center Left Wing Right Wing Defense Defense
Tim Schaller Taylor Beck Craig Smith Brandon Burlon Carl Gunnarsson
Last Minutes Defensive
Center Left Wing Right Wing Defense Defense
Tim Schaller Taylor Beck Craig Smith Brandon Burlon Carl Gunnarsson
Goaltenders
Starting : Garret Sparks
Backup : Eric Comrie
Extra Forwards
Normal : Daniel Zaar, Mikko Lehtonen, Michal Repik - PP : Daniel Zaar, Mikko Lehtonen - PK : Michal Repik
Extra Defensemen
Normal : Jamie Oleksiak, Chris Bigras, Mark Fraser - PP : Jamie Oleksiak - PK : Chris Bigras, Mark Fraser
Penalty Shots
Craig Smith, Tim Schaller, Nick Bjugstad, Jordan Caron, Taylor Beck
Scratches
Brandon Prust (Sprained Left Ankle Injury), Stephen Harper (Healthy), Emil Djuse (Healthy), Gemel Smith (Healthy), Matt Lindblad (Healthy)
Cole Cassels (Healthy), Jeremy Gregoire (Healthy), Connor Hurley (Healthy), Gustav Olofsson (Healthy), Andreas Johnsson (Healthy)
Brett Ritchie (Healthy), Jonas Junland (Healthy), Andrew O'Brien (Healthy), Marc-André Bourdon (Healthy), Linus Ullmark (Healthy)
Jack Campbell (Healthy)
Griffins
5 vs 5 Forward
Center Left Wing Right Wing Time % Phy DF OF
1 Robert Dome Tye McGinn Ben Hanowski 35 0 2 3
2 Sean Monahan Nathan Gerbe Petr Pohl 35 0 2 3
3 Quinton Howden Anton Slepyshev J.T. Brown 20 0 2 3
4 Vladislav Namestnikov Brendan Woods Nicholas Baptiste 10 0 2 3
5 vs 5 Defense
Defense Defense Time % Phy DF OF
1 Simon Despres Keith Seabrook 40 0 2 3
2 Mirco Mueller Bryan Young 30 0 3 2
3 Nathan Oystrick Ian McCoshen 20 0 3 2
4 Nathan Oystrick Ian McCoshen 10 1 2 2
PowerPlay Forward
Center Left Wing Right Wing Time % Phy DF OF
1 Sean Monahan Nathan Gerbe Petr Pohl 60 0 1 4
2 Robert Dome Tye McGinn Ben Hanowski 40 0 1 4
PowerPlay Defense
Defense Defense Time % Phy DF OF
1 Nathan Oystrick Simon Despres 60 0 1 4
2 Bryan Young Keith Seabrook 40 0 1 4
Penalty Kill 4 Players Forward
Center Wing Time % Phy DF OF
1 Ben Hanowski Brendan Woods 60 1 2 2
2 Tye McGinn J.T. Brown 40 1 2 2
Penalty Kill 4 Players Defense
Defense Defense Time % Phy DF OF
1 Keith Seabrook Bryan Young 60 1 2 2
2 Nathan Oystrick Simon Despres 40 1 2 2
Penalty Kill - 3 Players Forward
Forward Time % Phy DF OF
1 J.T. Brown 60 1 2 2
2 Brendan Woods 40 1 2 2
Penalty Kill - 3 Players Defense
Defense Defense Time % Phy DF OF
1 Keith Seabrook Bryan Young 60 1 2 2
2 Nathan Oystrick Simon Despres 40 1 2 2
4 vs 4 Forward
Center Wing Time % Phy DF OF
1 Sean Monahan Petr Pohl 60 1 2 2
2 Robert Dome Tye McGinn 40 1 2 2
4 vs 4 Defense
Defense Defense Time % Phy DF OF
1 Simon Despres Bryan Young 60 1 2 2
2 Keith Seabrook Ian McCoshen 40 1 2 2
Last Minutes Offensive
Center Left Wing Right Wing Defense Defense
Sean Monahan Tye McGinn Petr Pohl Simon Despres Bryan Young
Last Minutes Defensive
Center Left Wing Right Wing Defense Defense
Tye McGinn Brendan Woods J.T. Brown Keith Seabrook Nathan Oystrick
Goaltenders
Starting : Olivier Roy
Backup : Jean-Francois Berube
Extra Forwards
Normal : Petr Pohl, Sean Monahan, Quinton Howden - PP : J.T. Brown, Anton Slepyshev - PK : Petr Pohl
Extra Defensemen
Normal : Simon Despres, Keith Seabrook, Bryan Young - PP : Ian McCoshen - PK : Mirco Mueller, Ian McCoshen
Penalty Shots
Nathan Gerbe, Sean Monahan, Ben Hanowski, Robert Dome, Vladislav Namestnikov
Scratches
Garrett Wilson (Healthy), Tanner Kero (Healthy), Greg McKegg (Healthy), Lucas Lessio (Healthy), Petter Granberg (Left Hand Injury)
Jerome Gauthier-Leduc (Healthy), Konrad Abeltshauser (Healthy), Tomas Hyka (Healthy), Brian Hart (Healthy), Ty Wishart (Right Leg Injury)
Jamie Arniel (Healthy), Marcus Hogberg (Healthy), Matt Tomkins (Healthy)
% Time on Ice - Diables
Lines # - Real PCT - Wanted PCT - Time Play
Normal Forward
1 - 32% - 40% - 15:23
2 - 29% - 30% - 13:54
3 - 23% - 20% - 10:57
4 - 17% - 10% - 8:05
Normal Defense
1 - 39% - 40% - 19:05
2 - 33% - 30% - 15:49
3 - 23% - 20% - 11:00
4 - 5% - 10% - 2:25
PP Forward
1 - 56% - 60% - 3:00
2 - 44% - 40% - 2:24
PP Defense
1 - 55% - 60% - 2:59
2 - 45% - 40% - 2:25
PK Forward
1 - 75% - 60% - 4:07
2 - 25% - 40% - 1:23
PK Defense
1 - 71% - 60% - 3:54
2 - 29% - 40% - 1:36
PK3 Forward
1 - 0% - 60%
2 - 0% - 40%
PK3 Defense
1 - 0% - 60%
2 - 0% - 40%
44 Forward
1 - 89% - 60% - 0:42
2 - 11% - 40% - 0:05
44 Defense
1 - 70% - 60% - 0:33
2 - 30% - 40% - 0:14
Last Minute Offensive - 0:00
Last Minute Defensive - 0:00
Total
Forward - 60:00
Defense - 60:00
|
% Time on Ice - Griffins
Lines # - Real PCT - Wanted PCT - Time Play
Normal Forward
1 - 31% - 35% - 14:48
2 - 30% - 35% - 14:27
3 - 23% - 20% - 11:18
4 - 16% - 10% - 7:46
Normal Defense
1 - 33% - 40% - 15:49
2 - 32% - 30% - 15:32
3 - 24% - 20% - 11:42
4 - 11% - 10% - 5:16
PP Forward
1 - 52% - 60% - 2:53
2 - 48% - 40% - 2:37
PP Defense
1 - 54% - 60% - 2:58
2 - 46% - 40% - 2:32
PK Forward
1 - 100% - 60% - 5:24
2 - 0% - 40% - 0:00
PK Defense
1 - 66% - 60% - 3:33
2 - 34% - 40% - 1:51
PK3 Forward
1 - 0% - 60%
2 - 0% - 40%
PK3 Defense
1 - 0% - 60%
2 - 0% - 40%
44 Forward
1 - 83% - 60% - 0:39
2 - 17% - 40% - 0:08
44 Defense
1 - 83% - 60% - 0:39
2 - 17% - 40% - 0:08
Last Minute Offensive - 0:00
Last Minute Defensive - 0:00
Total
Forward - 60:00
Defense - 60:00
|
Play-by-Play
1st period
0:01 of 1st period - Tim Schaller wins face-off versus Robert Dome in neutral zone.
0:16 of 1st period - Snap shot by Tye McGinn.
0:16 of 1st period - Shot Misses the Net.
1:14 of 1st period - Wrist shot by Christian Thomas.
1:14 of 1st period - Shot Blocked by Brendan Woods.
1:14 of 1st period - Brendan Woods from Griffins is injured at 1:14 of 1st period (Left Leg).
1:15 of 1st period - Tim Schaller wins face-off versus Robert Dome in Griffins zone.
1:28 of 1st period - Slapshot by Ben Hanowski.
1:28 of 1st period - Stopped by Garret Sparks with a rebound.
1:30 of 1st period - Slapshot by Nathan Oystrick.
1:30 of 1st period - Stopped by Garret Sparks with a rebound.
1:53 of 1st period - Michal Repik is hit by Petr Pohl and loses puck.
2:04 of 1st period - Keith Seabrook is hit by Brandon Burlon.
2:23 of 1st period - Off-side.
2:24 of 1st period - Louis Leblanc wins face-off versus Robert Dome in neutral zone.
2:51 of 1st period - Taylor Beck is hit by J.T. Brown and loses puck.
3:01 of 1st period - Icing by Tim Schaller.
3:02 of 1st period - Tim Schaller wins face-off versus Sean Monahan in Diables zone.
3:11 of 1st period - Backhand shot by Petr Pohl.
3:11 of 1st period - Stopped by Garret Sparks with a rebound.
3:13 of 1st period - Wrist shot by Keith Seabrook.
3:13 of 1st period - Shot Blocked by Mark Fraser.
3:17 of 1st period - Slapshot by Sean Monahan.
3:17 of 1st period - Shot Blocked by Mark Fraser.
4:09 of 1st period - Ian McCoshen is hit by Mitchell Moroz and loses puck.
4:16 of 1st period - Snap shot by Elias Lindholm.
4:16 of 1st period - Deflect By Mitchell Moroz.
4:16 of 1st period - Stopped by Olivier Roy with a rebound.
4:18 of 1st period - Slapshot by Elias Lindholm.
4:18 of 1st period - Goal by Elias Lindholm - Diables : 1 - Griffins : 0.
4:19 of 1st period - Tim Schaller wins face-off versus Sean Monahan in neutral zone.
4:22 of 1st period - Slapshot by Taylor Beck.
4:22 of 1st period - Stopped by Olivier Roy without a rebound.
4:23 of 1st period - Tim Schaller wins face-off versus Sean Monahan in Griffins zone.
4:50 of 1st period - Slapshot by Nick Bjugstad.
4:50 of 1st period - Stopped by Olivier Roy with a rebound.
4:52 of 1st period - Slapshot by Brandon Burlon.
4:52 of 1st period - Deflect By Robert Dome.
4:52 of 1st period - Stopped by Olivier Roy without a rebound.
4:53 of 1st period - Robert Dome wins face-off versus Nick Bjugstad in Griffins zone.
4:53 of 1st period - Robert Dome is hit by Nick Bjugstad.
5:07 of 1st period - Slapshot by Robert Dome.
5:07 of 1st period - Stopped by Garret Sparks without a rebound.
5:08 of 1st period - Nathan Gerbe wins face-off versus Tim Schaller in Diables zone.
5:29 of 1st period - Nathan Oystrick is hit by Craig Smith.
5:30 of 1st period - Icing by Nathan Oystrick.
5:31 of 1st period - Sean Monahan wins face-off versus Nick Bjugstad in Griffins zone.
5:44 of 1st period - Snap shot by Nathan Gerbe.
5:44 of 1st period - Shot Blocked by Chris Bigras.
5:46 of 1st period - Slapshot by Nathan Oystrick.
5:46 of 1st period - Shot Misses the Net.
5:54 of 1st period - Wrist shot by Sean Monahan.
5:54 of 1st period - Shot Misses the Net.
5:56 of 1st period - Snap shot by Sean Monahan.
5:56 of 1st period - Shot Misses the Net.
5:58 of 1st period - Slapshot by Nathan Oystrick.
5:58 of 1st period - Shot Blocked by Jan Mursak.
6:00 of 1st period - Snap shot by Nathan Gerbe.
6:00 of 1st period - Stopped by Garret Sparks with a rebound.
6:02 of 1st period - Slapshot by Nathan Oystrick.
6:02 of 1st period - Stopped by Garret Sparks without a rebound.
6:03 of 1st period - Anton Slepyshev wins face-off versus Tim Schaller in Diables zone.
6:18 of 1st period - Carl Gunnarsson is hit by J.T. Brown and loses puck.
6:54 of 1st period - Michal Repik is hit by Mirco Mueller and loses puck.
7:07 of 1st period - Slapshot by Quinton Howden.
7:07 of 1st period - Shot Misses the Net.
7:09 of 1st period - Slapshot by Nathan Oystrick.
7:09 of 1st period - Shot Misses the Net.
7:19 of 1st period - Snap shot by Nick Bjugstad.
7:19 of 1st period - Shot Misses the Net.
8:35 of 1st period - Snap shot by Nick Bjugstad.
8:35 of 1st period - Stopped by Olivier Roy without a rebound.
8:36 of 1st period - Robert Dome wins face-off versus Tim Schaller in Griffins zone.
8:49 of 1st period - Keith Seabrook is hit by Taylor Beck and loses puck.
8:56 of 1st period - Ben Hanowski is hit by Pavel Valentenko and loses puck.
9:05 of 1st period - Wrist shot by Tim Schaller.
9:05 of 1st period - Shot Blocked by Ben Hanowski.
9:21 of 1st period - Simon Despres is hit by Taylor Beck and loses puck.
9:44 of 1st period - Slapshot by Tye McGinn.
9:44 of 1st period - Stopped by Garret Sparks without a rebound.
9:45 of 1st period - Nick Bjugstad wins face-off versus Sean Monahan in Diables zone.
10:02 of 1st period - Petr Pohl is hit by Jordan Caron.
10:22 of 1st period - Mikko Lehtonen is hit by Quinton Howden and loses puck.
10:57 of 1st period - Snap shot by Quinton Howden.
10:57 of 1st period - Shot Misses the Net.
11:17 of 1st period - Pavel Valentenko is hit by Nathan Gerbe and loses puck.
12:13 of 1st period - Nathan Oystrick is hit by Jamie Oleksiak and loses puck.
12:24 of 1st period - Nathan Oystrick is hit by Mikko Lehtonen and loses puck.
12:50 of 1st period - Snap shot by Tye McGinn.
12:50 of 1st period - Shot Blocked by Jamie Oleksiak.
13:02 of 1st period - Simon Despres is hit by Jan Mursak and loses puck.
13:07 of 1st period - Snap shot by Nick Bjugstad.
13:07 of 1st period - Shot Blocked by Simon Despres.
13:09 of 1st period - Snap shot by Mark Fraser.
13:09 of 1st period - Stopped by Olivier Roy with a rebound.
13:33 of 1st period - Wrist shot by J.T. Brown.
13:33 of 1st period - Shot Misses the Net.
14:22 of 1st period - Tye McGinn is hit by Craig Smith and loses puck.
14:56 of 1st period - Nathan Gerbe is hit by Mitchell Moroz and loses puck.
15:27 of 1st period - Vladislav Namestnikov is hit by Craig Smith and loses puck.
15:34 of 1st period - Bryan Young is hit by Craig Smith.
15:44 of 1st period - J.T. Brown is hit by Louis Leblanc and loses puck.
16:03 of 1st period - Icing by J.T. Brown.
16:04 of 1st period - Quinton Howden wins face-off versus Nick Bjugstad in Griffins zone.
16:09 of 1st period - Jan Mursak is hit by Ben Hanowski and loses puck.
16:55 of 1st period - Wrist shot by Mikko Lehtonen.
16:55 of 1st period - Shot Misses the Net.
16:57 of 1st period - Slapshot by Brandon Burlon.
16:57 of 1st period - Stopped by Olivier Roy without a rebound.
16:58 of 1st period - Louis Leblanc wins face-off versus Vladislav Namestnikov in Griffins zone.
18:20 of 1st period - Snap shot by Sean Monahan.
18:20 of 1st period - Goal by Sean Monahan - Diables : 1 - Griffins : 1.
18:21 of 1st period - Robert Dome wins face-off versus Tim Schaller in neutral zone.
18:26 of 1st period - Snap shot by Ben Hanowski.
18:26 of 1st period - Goal by Ben Hanowski - Diables : 1 - Griffins : 2.
18:27 of 1st period - Robert Dome wins face-off versus Tim Schaller in neutral zone.
18:30 of 1st period - Tim Schaller is hit by Tye McGinn and loses puck.
18:37 of 1st period - Snap shot by Tim Schaller.
18:37 of 1st period - Stopped by Olivier Roy without a rebound.
18:38 of 1st period - Tim Schaller wins face-off versus Robert Dome in Griffins zone.
18:47 of 1st period - Snap shot by Tye McGinn.
18:47 of 1st period - Shot Blocked by Craig Smith.
18:51 of 1st period - Snap shot by Robert Dome.
18:51 of 1st period - Shot Misses the Net.
18:53 of 1st period - Slapshot by Simon Despres.
18:53 of 1st period - Stopped by Garret Sparks with a rebound.
Goals for this period are 1 for Diables vs 2 for Griffins.
Shots for this period are 9 for Diables vs 10 for Griffins.
2nd period
0:01 of 2nd period - Tye McGinn wins face-off versus Tim Schaller in neutral zone.
0:04 of 2nd period - Slapshot by Simon Despres.
0:04 of 2nd period - Deflect By Brandon Burlon.
0:04 of 2nd period - Stopped by Garret Sparks with a rebound.
0:06 of 2nd period - Slapshot by Keith Seabrook.
0:06 of 2nd period - Deflect By Ben Hanowski.
0:06 of 2nd period - Shot Misses the Net.
0:06 of 2nd period - Puck is out of play.
0:07 of 2nd period - Tim Schaller wins face-off versus Robert Dome in Diables zone.
0:15 of 2nd period - Penalty Shot by Simon Despres for Griffins.
0:15 of 2nd period - Snap shot by Simon Despres.
0:15 of 2nd period - Stopped by Garret Sparks.
0:16 of 2nd period - Robert Dome wins face-off versus Tim Schaller in Griffins zone.
1:04 of 2nd period - Slapshot by Brandon Burlon.
1:04 of 2nd period - Stopped by Olivier Roy with a rebound.
1:12 of 2nd period - Snap shot by Mikko Lehtonen.
1:12 of 2nd period - Shot Misses the Net.
1:14 of 2nd period - Slapshot by Brandon Burlon.
1:14 of 2nd period - Stopped by Olivier Roy with a rebound.
1:30 of 2nd period - Wrist shot by Ben Hanowski.
1:30 of 2nd period - Goal by Ben Hanowski - Diables : 1 - Griffins : 3.
1:31 of 2nd period - Tim Schaller wins face-off versus Robert Dome in neutral zone.
1:36 of 2nd period - Snap shot by Tim Schaller.
1:36 of 2nd period - Shot Blocked by Tye McGinn.
1:38 of 2nd period - Minor Penalty to Keith Seabrook for Hooking.
1:39 of 2nd period - Tim Schaller wins face-off versus Ben Hanowski in Griffins zone.
1:50 of 2nd period - Snap shot by Taylor Beck.
1:50 of 2nd period - Deflect By Petr Pohl.
1:50 of 2nd period - Stopped by Olivier Roy with a rebound.
1:52 of 2nd period - Snap shot by Taylor Beck.
1:52 of 2nd period - Goal by Taylor Beck - Diables : 2 - Griffins : 3.
1:53 of 2nd period - Robert Dome wins face-off versus Tim Schaller in neutral zone.
2:00 of 2nd period - Snap shot by Robert Dome.
2:00 of 2nd period - Stopped by Garret Sparks with a rebound.
2:49 of 2nd period - Wrist shot by Mikko Lehtonen.
2:49 of 2nd period - Stopped by Olivier Roy without a rebound.
2:50 of 2nd period - Tim Schaller wins face-off versus Robert Dome in Griffins zone.
3:03 of 2nd period - Snap shot by Craig Smith.
3:03 of 2nd period - Stopped by Olivier Roy with a rebound.
3:05 of 2nd period - Minor Penalty to Robert Dome for Hooking.
3:06 of 2nd period - Tim Schaller wins face-off versus Ben Hanowski in Griffins zone.
3:20 of 2nd period - Slapshot by Brandon Burlon.
3:20 of 2nd period - Shot Blocked by Petr Pohl.
3:22 of 2nd period - Snap shot by Craig Smith.
3:22 of 2nd period - Stopped by Olivier Roy with a rebound.
4:17 of 2nd period - Minor Penalty to Nick Bjugstad for Slashing.
4:18 of 2nd period - Craig Smith wins face-off versus Sean Monahan in Diables zone.
4:23 of 2nd period - Snap shot by Tim Schaller.
4:23 of 2nd period - Stopped by Olivier Roy without a rebound.
4:24 of 2nd period - Sean Monahan wins face-off versus Craig Smith in Griffins zone.
4:35 of 2nd period - Wrist shot by Sean Monahan.
4:35 of 2nd period - Stopped by Garret Sparks with a rebound.
4:37 of 2nd period - Wrist shot by Sean Monahan.
4:37 of 2nd period - Stopped by Garret Sparks with a rebound.
4:39 of 2nd period - Snap shot by Sean Monahan.
4:39 of 2nd period - Shot Misses the Net.
5:05 of 2nd period - Penalty to Robert Dome is over, Robert Dome is back on ice.
5:05 of 2nd period - Snap shot by Jordan Caron.
5:05 of 2nd period - Shot Blocked by Robert Dome.
5:15 of 2nd period - Slapshot by Keith Seabrook.
5:15 of 2nd period - Shot Blocked by Daniel Zaar.
5:15 of 2nd period - Daniel Zaar from Diables is injured at 5:15 of 2nd period (Broken Nose).
5:16 of 2nd period - Craig Smith wins face-off versus Sean Monahan in Diables zone.
6:17 of 2nd period - Penalty to Nick Bjugstad is over, Nick Bjugstad is back on ice.
6:27 of 2nd period - Nick Bjugstad is hit by Keith Seabrook and loses puck.
6:46 of 2nd period - Nathan Oystrick is hit by Christian Thomas and loses puck.
7:36 of 2nd period - Minor Penalty to Keith Seabrook for Roughing.
7:37 of 2nd period - Tim Schaller wins face-off versus Ben Hanowski in Griffins zone.
7:48 of 2nd period - Wrist shot by Tim Schaller.
7:48 of 2nd period - Shot Blocked by Petr Pohl.
7:50 of 2nd period - Snap shot by Tim Schaller.
7:50 of 2nd period - Stopped by Olivier Roy with a rebound.
8:02 of 2nd period - Ben Hanowski is hit by Jordan Caron and loses puck.
8:07 of 2nd period - Snap shot by Nick Bjugstad.
8:07 of 2nd period - Shot Blocked by Mirco Mueller.
8:09 of 2nd period - Slapshot by Brandon Burlon.
8:09 of 2nd period - Shot Blocked by Mirco Mueller.
8:11 of 2nd period - Snap shot by Jan Mursak.
8:11 of 2nd period - Shot Misses the Net.
9:36 of 2nd period - Penalty to Keith Seabrook is over, Keith Seabrook is back on ice.
9:47 of 2nd period - Wrist shot by Mikko Lehtonen.
9:47 of 2nd period - Stopped by Olivier Roy with a rebound.
9:49 of 2nd period - Snap shot by Chris Bigras.
9:49 of 2nd period - Stopped by Olivier Roy without a rebound.
9:50 of 2nd period - Louis Leblanc wins face-off versus J.T. Brown in Griffins zone.
9:53 of 2nd period - Wrist shot by Mikko Lehtonen.
9:53 of 2nd period - Shot Misses the Net.
9:55 of 2nd period - Wrist shot by Louis Leblanc.
9:55 of 2nd period - Deflect By Mikko Lehtonen.
9:55 of 2nd period - Shot Misses the Net.
9:55 of 2nd period - Puck is out of play.
9:56 of 2nd period - Quinton Howden wins face-off versus Louis Leblanc in Griffins zone.
10:12 of 2nd period - Icing by Quinton Howden.
10:13 of 2nd period - Tim Schaller wins face-off versus Quinton Howden in Griffins zone.
10:20 of 2nd period - Wrist shot by Craig Smith.
10:20 of 2nd period - Shot Misses the Net.
11:22 of 2nd period - Slapshot by Nathan Oystrick.
11:22 of 2nd period - Stopped by Garret Sparks with a rebound.
11:42 of 2nd period - Slapshot by Craig Smith.
11:42 of 2nd period - Stopped by Olivier Roy without a rebound.
11:43 of 2nd period - Ben Hanowski wins face-off versus Tim Schaller in Griffins zone.
11:50 of 2nd period - Slapshot by Simon Despres.
11:50 of 2nd period - Stopped by Garret Sparks without a rebound.
11:51 of 2nd period - Robert Dome wins face-off versus Tim Schaller in Diables zone.
11:51 of 2nd period - Minor Penalty to Keith Seabrook for Hooking.
11:52 of 2nd period - Ben Hanowski wins face-off versus Tim Schaller in Griffins zone.
11:52 of 2nd period - Ben Hanowski is hit by Tim Schaller.
13:51 of 2nd period - Penalty to Keith Seabrook is over, Keith Seabrook is back on ice.
15:03 of 2nd period - Tim Schaller is hit by Bryan Young and loses puck.
15:43 of 2nd period - Slapshot by Carl Gunnarsson.
15:43 of 2nd period - Stopped by Olivier Roy with a rebound.
15:45 of 2nd period - Wrist shot by Christian Thomas.
15:45 of 2nd period - Shot Blocked by Keith Seabrook.
15:47 of 2nd period - Wrist shot by Christian Thomas.
15:47 of 2nd period - Shot Blocked by Keith Seabrook.
15:49 of 2nd period - Slapshot by Louis Leblanc.
15:49 of 2nd period - Shot Misses the Net.
16:28 of 2nd period - Mirco Mueller is hit by Mikko Lehtonen and loses puck.
16:57 of 2nd period - Jan Mursak is hit by Simon Despres and loses puck.
17:08 of 2nd period - Nathan Gerbe is hit by Jan Mursak and loses puck.
17:17 of 2nd period - Slapshot by Jordan Caron.
17:17 of 2nd period - Shot Misses the Net.
17:23 of 2nd period - Simon Despres is hit by Jan Mursak and loses puck.
17:35 of 2nd period - Mirco Mueller is hit by Mark Fraser and loses puck.
17:42 of 2nd period - Petr Pohl is hit by Jordan Caron and loses puck.
17:49 of 2nd period - Mark Fraser is hit by Nathan Oystrick and loses puck.
18:07 of 2nd period - Petr Pohl is hit by Jordan Caron and loses puck.
18:23 of 2nd period - Petr Pohl is hit by Carl Gunnarsson and loses puck.
18:48 of 2nd period - Jordan Caron is hit by Nathan Gerbe and loses puck.
18:55 of 2nd period - Nathan Oystrick is hit by Nick Bjugstad.
18:59 of 2nd period - Nathan Gerbe is hit by Jordan Caron.
19:05 of 2nd period - Snap shot by Nick Bjugstad.
19:05 of 2nd period - Stopped by Olivier Roy without a rebound.
19:06 of 2nd period - Craig Smith wins face-off versus Robert Dome in Griffins zone.
19:15 of 2nd period - Wrist shot by Tye McGinn.
19:15 of 2nd period - Shot Misses the Net.
19:17 of 2nd period - Snap shot by Keith Seabrook.
19:17 of 2nd period - Shot Misses the Net.
19:19 of 2nd period - Slapshot by Mirco Mueller.
19:19 of 2nd period - Stopped by Garret Sparks with a rebound.
19:21 of 2nd period - Slapshot by Mirco Mueller.
19:21 of 2nd period - Stopped by Garret Sparks with a rebound.
19:27 of 2nd period - Minor Penalty to Brandon Burlon for High sticking.
19:28 of 2nd period - Craig Smith wins face-off versus Robert Dome in Diables zone.
Goals for this period are 1 for Diables vs 1 for Griffins.
Shots for this period are 14 for Diables vs 9 for Griffins.
3rd period
0:01 of 3rd period - Craig Smith wins face-off versus Sean Monahan in neutral zone.
0:16 of 3rd period - Wrist shot by Nathan Oystrick.
0:16 of 3rd period - Shot Blocked by Chris Bigras.
1:19 of 3rd period - Carl Gunnarsson is hit by Keith Seabrook and loses puck.
1:27 of 3rd period - Penalty to Brandon Burlon is over, Brandon Burlon is back on ice.
1:40 of 3rd period - Wrist shot by Nick Bjugstad.
1:40 of 3rd period - Shot Misses the Net.
1:42 of 3rd period - Slapshot by Chris Bigras.
1:42 of 3rd period - Shot Blocked by Ben Hanowski.
1:44 of 3rd period - Snap shot by Brandon Burlon.
1:44 of 3rd period - Stopped by Olivier Roy without a rebound.
1:45 of 3rd period - Sean Monahan wins face-off versus Louis Leblanc in Griffins zone.
2:10 of 3rd period - Nick Bjugstad is hit by J.T. Brown and loses puck.
2:31 of 3rd period - Mark Fraser is hit by Vladislav Namestnikov and loses puck.
3:21 of 3rd period - Snap shot by Mitchell Moroz.
3:21 of 3rd period - Stopped by Olivier Roy with a rebound.
3:23 of 3rd period - Snap shot by Michal Repik.
3:23 of 3rd period - Stopped by Olivier Roy with a rebound.
3:25 of 3rd period - Slapshot by Chris Bigras.
3:25 of 3rd period - Shot Misses the Net.
3:27 of 3rd period - Slapshot by Michal Repik.
3:27 of 3rd period - Stopped by Olivier Roy with a rebound.
3:41 of 3rd period - Slapshot by Tye McGinn.
3:41 of 3rd period - Stopped by Garret Sparks with a rebound.
4:16 of 3rd period - Simon Despres is hit by Mikko Lehtonen and loses puck.
4:49 of 3rd period - Snap shot by Louis Leblanc.
4:49 of 3rd period - Stopped by Olivier Roy with a rebound.
5:03 of 3rd period - Snap shot by Robert Dome.
5:03 of 3rd period - Shot Blocked by Brandon Burlon.
5:05 of 3rd period - Snap shot by Robert Dome.
5:05 of 3rd period - Stopped by Garret Sparks without a rebound.
5:06 of 3rd period - Sean Monahan wins face-off versus Tim Schaller in Diables zone.
5:09 of 3rd period - Wrist shot by Petr Pohl.
5:09 of 3rd period - Shot Misses the Net.
5:11 of 3rd period - Snap shot by Sean Monahan.
5:11 of 3rd period - Shot Blocked by Mark Fraser.
5:31 of 3rd period - Quinton Howden is hit by Jan Mursak and loses puck.
7:12 of 3rd period - Off-side.
7:13 of 3rd period - Elias Lindholm wins face-off versus Robert Dome in neutral zone.
7:47 of 3rd period - Slapshot by Tim Schaller.
7:47 of 3rd period - Stopped by Olivier Roy without a rebound.
7:48 of 3rd period - Nick Bjugstad wins face-off versus Sean Monahan in Griffins zone.
7:55 of 3rd period - Wrist shot by Nick Bjugstad.
7:55 of 3rd period - Stopped by Olivier Roy without a rebound.
7:56 of 3rd period - Sean Monahan wins face-off versus Jordan Caron in Griffins zone.
8:16 of 3rd period - Slapshot by Simon Despres.
8:16 of 3rd period - Shot Misses the Net.
8:18 of 3rd period - Snap shot by Sean Monahan.
8:18 of 3rd period - Stopped by Garret Sparks without a rebound.
8:19 of 3rd period - Robert Dome wins face-off versus Tim Schaller in Diables zone.
8:26 of 3rd period - Slapshot by Robert Dome.
8:26 of 3rd period - Shot Blocked by Mark Fraser.
8:28 of 3rd period - Slapshot by Mirco Mueller.
8:28 of 3rd period - Shot Blocked by Tim Schaller.
8:30 of 3rd period - Wrist shot by Ben Hanowski.
8:30 of 3rd period - Deflect By Taylor Beck.
8:30 of 3rd period - Goal by Ben Hanowski - Diables : 2 - Griffins : 4.
8:31 of 3rd period - Robert Dome wins face-off versus Tim Schaller in neutral zone.
8:34 of 3rd period - Carl Gunnarsson is hit by Keith Seabrook and loses puck.
8:57 of 3rd period - Craig Smith is hit by Quinton Howden.
9:03 of 3rd period - Wrist shot by Anton Slepyshev.
9:03 of 3rd period - Stopped by Garret Sparks with a rebound.
9:05 of 3rd period - Slapshot by Bryan Young.
9:05 of 3rd period - Stopped by Garret Sparks with a rebound.
9:27 of 3rd period - Pavel Valentenko is hit by Bryan Young and loses puck.
9:46 of 3rd period - Ian McCoshen is hit by Mark Fraser.
9:50 of 3rd period - Wrist shot by Mikko Lehtonen.
9:50 of 3rd period - Shot Misses the Net.
10:36 of 3rd period - Mark Fraser is hit by Sean Monahan and loses puck.
10:47 of 3rd period - Quinton Howden is hit by Mark Fraser and loses puck.
11:07 of 3rd period - Ben Hanowski is hit by Tim Schaller and loses puck.
11:25 of 3rd period - Simon Despres is hit by Nick Bjugstad and loses puck.
12:24 of 3rd period - Snap shot by Craig Smith.
12:24 of 3rd period - Shot Misses the Net.
12:57 of 3rd period - Wrist shot by Tye McGinn.
12:57 of 3rd period - Shot Misses the Net.
12:59 of 3rd period - Wrist shot by Tye McGinn.
12:59 of 3rd period - Shot Blocked by Carl Gunnarsson.
13:05 of 3rd period - Minor Penalty to Carl Gunnarsson for Tripping.
13:06 of 3rd period - Sean Monahan wins face-off versus Craig Smith in Diables zone.
13:13 of 3rd period - Wrist shot by Sean Monahan.
13:13 of 3rd period - Stopped by Garret Sparks without a rebound.
13:14 of 3rd period - Sean Monahan wins face-off versus Craig Smith in Diables zone.
13:25 of 3rd period - Snap shot by Nathan Gerbe.
13:25 of 3rd period - Goal by Nathan Gerbe - Diables : 2 - Griffins : 5.
13:26 of 3rd period - Ben Hanowski wins face-off versus Tim Schaller in neutral zone.
14:22 of 3rd period - Brandon Burlon is hit by Mirco Mueller.
14:25 of 3rd period - Off-side.
14:26 of 3rd period - Taylor Beck wins face-off versus Robert Dome in neutral zone.
14:28 of 3rd period - Pavel Valentenko is hit by Bryan Young and loses puck.
15:33 of 3rd period - Keith Seabrook is hit by Elias Lindholm and loses puck.
15:49 of 3rd period - Icing by Anton Slepyshev.
15:50 of 3rd period - Robert Dome wins face-off versus Tim Schaller in Griffins zone.
15:59 of 3rd period - Slapshot by Keith Seabrook.
15:59 of 3rd period - Stopped by Garret Sparks without a rebound.
16:00 of 3rd period - Tim Schaller wins face-off versus Robert Dome in Diables zone.
16:07 of 3rd period - Snap shot by Craig Smith.
16:07 of 3rd period - Goal by Craig Smith - Diables : 3 - Griffins : 5.
16:08 of 3rd period - Tim Schaller wins face-off versus Robert Dome in neutral zone.
16:29 of 3rd period - Minor Penalty to Taylor Beck for Hooking.
16:30 of 3rd period - Craig Smith wins face-off versus Sean Monahan in Diables zone.
16:58 of 3rd period - Brandon Burlon is hit by Petr Pohl and loses puck.
17:35 of 3rd period - Wrist shot by Nathan Gerbe.
17:35 of 3rd period - Stopped by Garret Sparks with a rebound.
17:51 of 3rd period - Wrist shot by Nathan Oystrick.
17:51 of 3rd period - Stopped by Garret Sparks with a rebound.
17:53 of 3rd period - Backhand shot by Nathan Oystrick.
17:53 of 3rd period - Stopped by Garret Sparks without a rebound.
17:54 of 3rd period - Michal Repik wins face-off versus Tye McGinn in Diables zone.
18:29 of 3rd period - Penalty to Taylor Beck is over, Taylor Beck is back on ice.
18:51 of 3rd period - Slapshot by Quinton Howden.
18:51 of 3rd period - Stopped by Garret Sparks with a rebound.
19:34 of 3rd period - Icing by Ian McCoshen.
19:35 of 3rd period - J.T. Brown wins face-off versus Tim Schaller in Griffins zone.
Goals for this period are 1 for Diables vs 2 for Griffins.
Shots for this period are 8 for Diables vs 13 for Griffins.
Back to the Top